 Dungeon Crawl Stone Soup version 0.30-a0-1157-g2cc9ac7196 (webtiles) character file.

Game seed: 8578566688833547490

3899 Sobieck the Covert (level 10, -5/60 HPs)
             Began as a Kobold Earth Elementalist on Apr 24, 2023.
             Was a Believer of Wu Jian.
             Slain by a two-headed ogre
             ... wielding a +0 giant spiked club
              (21 damage)
             ... on level 7 of the Dungeon.
             The game lasted 00:13:37 (7078 turns).

Sobieck the Covert (Kobold Earth Elementalist)      Turns: 7078, Time: 00:13:37

Health: -5/60      AC:  5    Str:  6    XL:     10   Next: 43%
Magic:  12/14      EV: 16    Int: 21    God:    Wu Jian [**....]
Gold:   370        SH:  0    Dex: 18    Spells: 5/15 levels left

rFire   + . .        a - +5 dagger (elec) {short}
rCold   + . .        (no shield)
rNeg    . . .        L - +0 robe {Will+}
rPois   .            m - +1 hat of Erphogote {Dex+3}
rElec   .            O - scarf {rC+ rF+}
rCorr   .            (no gloves)
SInv    .            q - +1 pair of boots
Will    +....        (no amulet)
Stlth   +++++        (no ring)
HPRegen 0.30/turn    (no ring)
MPRegen 0.14/turn

%: no passive effects
@: no status effects
A: small, no large weapons, nightstalker 3
a: Renounce Religion, Wall Jump


You were on level 7 of the Dungeon.
You worshipped Wu Jian.
Wu Jian was pleased with you.
You visited 1 branch of the dungeon, and saw 7 of its levels.

You collected 370 gold pieces.


Innate Abilities, Weirdness & Mutations

You are small and have problems with some larger weapons.
You are completely attuned to the shadows.


   Skills:
 + Level 6.1 Fighting
 + Level 6.1 Short Blades
 + Level 4.1 Dodging
 + Level 8.1 Stealth
 + Level 3.1 Spellcasting
 - Level 4.0 Conjurations
 + Level 6.0 Transmutations
 + Level 8.0 Earth Magic


You had 5 spell levels left.
You knew the following spells:

 Your Spells              Type           Power      Damage    Failure   Level
a - Sandblast             Erth           74%        2d16      1%          1
b - Passwall              Tmut/Erth      26%        N/A       1%          2
c - Stone Arrow           Conj/Erth      56%        3d10      3%          3
d - Petrify               Tmut/Erth      32%        N/A       7%          4

Your spell library contained the following spells:

 Spells                   Type           Power      Damage    Failure   Level
 Dazzling Flash           Conj/Hex       22%        N/A       17%         3
 Ignite Poison            Fire/Tmut/Pois 11%        N/A       17%         3
 Cigotuvi's Dreadful Rot  Necr/Pois/Air  6%         N/A       21%         2
 Freezing Cloud           Conj/Ice/Air   4%         6-21      91%         5
 Agony                    Necr           3%         N/A       98%         5
 Silence                  Hex/Air        1%         N/A       98%         5
 Summon Mana Viper        Hex/Summ       3%         N/A       98%         5
 Summon Cactus Giant      Summ           1%         N/A       100%        6
 Summon Hydra             Summ           1%         N/A       100%        7

Inventory:

Hand Weapons
 a - a +5 dagger of electrocution (weapon) {short}
   (You took it off a goblin on level 1 of the Dungeon)
Missiles
 c - 84 stones {throwing}
 s - 5 boomerangs of dispersal {=f!fthrowing}
 t - 5 poisoned darts {throwing}
 K - 5 curare-tipped darts {=fthrowing}
 M - 3 boomerangs {throwing}
Armour
 d - a +0 robe
   (You took it off Sigmund on level 4 of the Dungeon)
 f - a +0 scale mail
   (You found it on level 1 of the Dungeon)
 g - a +0 robe
 l - the +6 scale mail of Diuze {-Tele Int+4}
   (You found it on level 2 of the Dungeon)

   Int:       It affects your intelligence (+4).
   -Tele:     It prevents most forms of teleportation.
 m - the +1 hat of Erphogote (worn) {Dex+3}
   (You acquired it on level 6 of the Dungeon)

   Dex:       It affects your dexterity (+3).
 o - a +0 leather armour
   (You took it off an orc on level 5 of the Dungeon)
 q - a +1 pair of boots (worn)
   (You found it on level 2 of the Dungeon)
 r - a +0 robe
   (You took it off an orc wizard on level 5 of the Dungeon)
 w - a +0 robe
   (You took it off a gnoll on level 5 of the Dungeon)
 x - a +0 leather armour
   (You found it on level 3 of the Dungeon)
 A - a +0 leather armour
   (You found it on level 3 of the Dungeon)
 B - a +0 robe
   (You found it on level 3 of the Dungeon)
 D - a +0 ring mail
   (You found it on level 4 of the Dungeon)
 E - a +0 robe
   (You found it on level 4 of the Dungeon)
 G - a +0 robe
   (You found it on level 4 of the Dungeon)
 I - a +0 ring mail
   (You found it on level 4 of the Dungeon)
 J - a +2 helmet
   (You found it on level 4 of the Dungeon)
 L - a +0 robe of willpower (worn)
   (You took it off an orc wizard on level 4 of the Dungeon)
 N - a +0 robe
   (You found it on level 4 of the Dungeon)
 O - a scarf of resistance (worn)
   (You found it on level 4 of the Dungeon)
 P - a +0 robe
   (You found it on level 4 of the Dungeon)
 S - a +0 scale mail
   (You found it on level 5 of the Dungeon)
 U - a +0 robe
   (You took it off an orc wizard on level 6 of the Dungeon)
 V - a +0 leather armour
   (You took it off an orc priest on level 6 of the Dungeon)
 W - a +0 ring mail
   (You found it on level 6 of the Dungeon)
 X - a +0 ring mail
   (You took it off an orc priest on level 6 of the Dungeon)
 Y - a +0 robe
   (You took it off an orc wizard on level 6 of the Dungeon)
 Z - a +0 ring mail
   (You found it on level 6 of the Dungeon)
Magical Staves
 C - a staff of poison {!astaff}
   (You found it on level 3 of the Dungeon)
Wands
 p - a wand of roots (18)
   (You found it on level 2 of the Dungeon)
 z - a wand of paralysis (11)
   (You found it on level 3 of the Dungeon)
 R - a wand of flame (54)
   (You found it on level 6 of the Dungeon)
Scrolls
 e - 2 scrolls of poison {!r}
 i - 2 scrolls of teleportation {@r4}
 y - a scroll of immolation {!r!r}
Potions
 b - a potion of magic
 h - a potion of mutation {!q}
 j - 3 potions of brilliance
 k - 2 potions of heal wounds {@q2}
 n - 2 potions of resistance
 u - a potion of haste {unknown}
 v - 3 potions of ambrosia
 F - a potion of flight
 H - 2 potions of cancellation
 Q - 3 potions of might {unknown}
 T - 4 potions of curing {@q1}

Dungeon Overview and Level Annotations

Branches:
Dungeon (7/15) Zot: 26890  Temple (0/1) D:5

Altars:
Ashenzari
Qazlal
Trog
Vehumet
Wu Jian
Xom
Yredelemnul
The Shining One

Shops:
D:2

= #...F.#.###.#
....)###.....
#)###.#.....#
#..##).###..# ....
##..#..##..### #.....
#....#..##.####.....
##.....##...o.#......
.###.###....#O.......
.........o.###@.#...#
..........## ##.#...#
####....### #......
###### ##..###
♣♣♣#### #...####
......####......
♣♣♣##..###......
#####<..........
.....######.....


You could see a two-headed ogre and an orc warrior.


Message History

a +0 dire flail {mace}; a +0 giant club {mace}
M - 3 boomerangs {throwing} (gained 2) Unknown command.
Danger!
You lunge at the vampire mosquito.
The helpless vampire mosquito fails to defend itself.
You skewer the vampire mosquito like a kebab!!!!
You destroy the vampire mosquito!
The Council accepts your kill.
Your pack is full.
You see here a scroll of identify {@r1}.
Unknown command.
Unknown command.
j - 3 fizzy clear potions (gained 1)
Your pack is full.
You see here a scroll of identify {@r1}.
As you read the scroll of identify {@r1}, it crumbles to dust.
j - 3 potions of brilliance Unknown command.
e - 2 scrolls of poison {!r} (gained 1) Unknown command.
Unknown command.
Things that are here:
a +0 dire flail {mace}; a +0 giant club {mace} Your pack is full.
Things that are here:
a +0 trident {polearm}; a +0 scale mail; a gnoll corpse Unknown command.
Your pack is full.
Things that are here:
a +0 trident {polearm}; a +0 scale mail; a gnoll corpse Could not pick up a +0 scale mail here; ([A]lways) ignore it?
Autopickup disabled for scale mails.
Things that are here:
a +0 dire flail {mace}; a +0 giant club {mace} 2 bullfrogs come into view.
Danger!
An orc warrior comes into view. It is wielding a +0 glaive.
The orc warrior shouts!
You hear a shout!
The bullfrog gives a loud, deep croak!
You hear a shout! x2
You hear two shouts!
Unknown command.
The bullfrog attacks as you move away!
The bullfrog hits you but does no damage.
You hit the bullfrog. Lightning courses through the bullfrog!
The bullfrog swells and bulges.
The bullfrog barely misses you. The bullfrog completely misses you.
Unknown command.
You barely miss the bullfrog. The bullfrog hits you.
You hit the bullfrog. The bullfrog hits you.
Unknown command.
You barely miss the bullfrog.
Unknown command.
You spin and attack the bullfrog repeatedly.
You hit the bullfrog.
You kill the bullfrog!
The Council accepts your kill.
You spin and attack the bullfrog.
You hit the bullfrog. Lightning courses through the bullfrog!
The bullfrog misses you.
A two-headed ogre comes into view.
It is wielding a +0 giant spiked club and a +0 dire flail.
The bullfrog hits you.
Unknown command.
You spin and attack the bullfrog repeatedly.
You barely miss the bullfrog. You hit the bullfrog.
The orc warrior closely misses you. The bullfrog hits you.
The bullfrog barely misses you.
Things that are here:
a +0 dire flail {mace}; a +0 giant club {mace} The bullfrog barely misses you.
You hit the bullfrog. The bullfrog closely misses you.
Unknown command.
You hit the bullfrog but do no damage. The orc warrior closely misses you.
Unknown command.
Things that are here:
a +0 trident {polearm}; a +0 scale mail; a gnoll corpse Unknown command.
You lunge at the two-headed ogre.
You hit the two-headed ogre. Your punch misses the two-headed ogre.
The two-headed ogre closely misses you.
The two-headed ogre hits you with a +0 dire flail.
Unknown command.
Unknown command.
The blast of sand hits the bullfrog!
You kill the bullfrog!
The Council accepts your kill.
Unknown command.
Unknown command.
The blast of sand hits the two-headed ogre!
The two-headed ogre hits you with a +0 giant spiked club!!
The two-headed ogre hits you with a +0 dire flail.
The orc warrior closely misses you.
Unknown command.
You are too injured to fight recklessly!
Unknown command.
Unknown command.
You spin and attack the two-headed ogre.
You barely miss the two-headed ogre.
The orc warrior hits you from afar with a +0 glaive!!
* * * LOW HITPOINT WARNING * * *
The two-headed ogre hits you with a +0 giant spiked club!!
You die...

Skill      XL: |  1  2  3  4  5  6  7  8  9 10 |
---------------+-------------------------------+-----
Stealth        | 3 4 5 6 8 |  8.1
Short Blades   | 1 2 3 5 6 |  6.1
Fighting       | 1 2 3 4 5 6 |  6.1
Dodging        | 3 4 |  4.1
Transmutations | 2 3 4 5 6 |  6.0
Spellcasting   | 3 |  3.1
Conjurations   | 1 2 3 4 |  4.0
Earth Magic    | 4 5 6 8 |  8.0

Action                     |  1- 3 |  4- 6 |  7- 9 | 10-12 || total
---------------------------+-------+-------+-------+-------++-------
  Melee: Dagger            |     7 |    44 |   113 |    15 ||   179
         Punch             |       |       |     1 |       ||     1
   Cast: Sandblast         |    42 |    62 |    60 |     2 ||   166
         Passwall          |       |     2 |     3 |       ||     5
Ability: Lunge             |       |     6 |    24 |     2 ||    32
         Whirlwind         |       |       |     4 |     4 ||     8
    Use: Scroll            |       |       |    21 |     1 ||    22
   Stab: Sleeping          |       |    17 |    25 |     3 ||    45
         Distracted        |       |       |     1 |       ||     1
 Armour: Robe              |     3 |    12 |    29 |     1 ||    45
  Dodge: Dodged            |     9 |    37 |    79 |    10 ||   135

Levels and vault maps discovered:
D:1:      lightli_arrival_chessboard, layout_basic
D:2:      minmay_razor_zed, layout_loops_corners, serial_shops, shop,
          shapermc_ecumenical_altar_gd, minmay_vboxes
D:3:      layout_basic, chequers_temple_overflow_statue_of_worship,
          kennysheep_potato
D:4:      layout_loops_ring
D:5:      layout_basic, nicolae_overflow_hidden_temple,
          mainiacjoe_overflow_alcove_3, minmay_temple_entry_overgrown,
          kennysheep_small_circle, uniq_sigmund
D:6:      layout_basic, mainiacjoe_overflow_small_starburst
D:7:      minmay_the_grid_octo_triangle [minmay_the_grid_octo_fat_diamond,
          minmay_the_grid_octo_prize_ultimate_mussel_roller,
          minmay_the_grid_octo_pinwheel], layout_basic, serial_shops, shop,
          dreamdust_princess_corridor, minmay_misc_feat_x,
          hangedman_decor_opposing, minmay_misc_feat_square, uniq_prince_ribbit1

Notes
Turn   | Place    | Note
-------+----------+-------------------------------------------
     0 | D:1      | Sobieck the Kobold Earth Elementalist began the quest for
                  | the Orb.
     0 | D:1      | Reached XP level 1. HP: 10/10 MP: 3/3
   242 | D:1      | Reached XP level 2. HP: 15/15 MP: 0/5
   373 | D:1      | You pick up a book of the Senses and begin reading...
   373 | D:1      | You add the spells Dazzling Flash, Agony and Silence to
                  | your library.
   430 | D:1      | Reached skill level 3 in Stealth
   518 | D:1      | Learned a level 2 spell: Passwall
   643 | D:1      | Reached XP level 3. HP: 20/20 MP: 4/6
   975 | D:2      | Found a faded altar of an unknown god.
  1089 | D:2      | Identified the +6 scale mail of Diuze {-Tele Int+4}
  1288 | D:2      | Reached skill level 1 in Short Blades
  1511 | D:2      | Reached XP level 4. HP: 21/24 MP: 3/7
  1599 | D:2      | Reached skill level 1 in Fighting
  1727 | D:2      | You add the spells Cigotuvi's Dreadful Rot, Ignite Poison
                  | and Freezing Cloud to your library.
  1755 | D:2      | Reached skill level 3 in Dodging
  1991 | D:2      | Found Udarr's Jewellery Boutique.
  2583 | D:2      | Reached skill level 2 in Transmutations
  2583 | D:2      | Reached XP level 5. HP: 29/29 MP: 5/9
  2652 | D:2      | Learned a level 3 spell: Stone Arrow
  3236 | D:3      | You fall into a shaft and drop 1 floor!
  3252 | D:4      | Reached skill level 2 in Short Blades
  3359 | D:3      | Reached XP level 6. HP: 35/35 MP: 8/10
  3422 | D:3      | Noticed an ogre
  3426 | D:3      | Killed an ogre
  3427 | D:3      | Reached skill level 2 in Fighting
  3427 | D:3      | Reached skill level 4 in Stealth
  3427 | D:3      | Reached skill level 3 in Spellcasting
  3427 | D:3      | Reached skill level 1 in Conjurations
  3622 | D:3      | Found a bloodstained altar of Trog.
  3622 | D:3      | Found an ornate altar of the Wu Jian Council.
  3627 | D:3      | Became a worshipper of the Wu Jian Council
  4091 | D:4      | Noticed an ogre
  4098 | D:3      | HP: 8/35 [jackal (3)]
  4282 | D:4      | Reached skill level 4 in Earth Magic
  4361 | D:4      | Reached XP level 7. HP: 40/40 MP: 11/11
  4487 | D:4      | Reached skill level 3 in Short Blades
  4636 | D:5      | Entered Level 5 of the Dungeon
  4837 | D:5      | Reached skill level 4 in Dodging
  4844 | D:5      | Reached skill level 3 in Transmutations
  4844 | D:5      | Noticed Sigmund
  4853 | D:4      | Killed Sigmund
  4854 | D:4      | Reached skill level 3 in Fighting
  4854 | D:4      | Reached skill level 5 in Stealth
  4854 | D:4      | Reached skill level 2 in Conjurations
  4854 | D:4      | Reached XP level 8. HP: 31/46 MP: 6/12
  5002 | D:5      | Reached * piety under Wu Jian
  5094 | D:5      | Found a staircase to the Ecumenical Temple.
  5113 | D:5      | Reached skill level 4 in Short Blades
  5533 | D:5      | Reached skill level 3 in Conjurations
  5543 | D:5      | Found a broken altar of Ashenzari.
  5547 | D:5      | Found a shimmering altar of Xom.
  5548 | D:5      | Found a glowing golden altar of the Shining One.
  5548 | D:5      | Found a basalt altar of Yredelemnul.
  5588 | D:5      | Reached skill level 4 in Fighting
  5588 | D:5      | Reached skill level 6 in Stealth
  5588 | D:5      | Reached skill level 4 in Transmutations
  5588 | D:5      | Reached skill level 5 in Earth Magic
  5781 | D:5      | You add the spells Summon Mana Viper, Summon Cactus Giant
                  | and Summon Hydra to your library.
  5781 | D:5      | Got the Spellbook of Sidekicks
  5791 | D:5      | Reached skill level 5 in Short Blades
  5791 | D:5      | Reached XP level 9. HP: 52/52 MP: 13/13
  5796 | D:5      | Learned a level 4 spell: Petrify
  5812 | D:5      | Found a radiant altar of Vehumet.
  6185 | D:6      | Found a stormy altar of Qazlal.
  6385 | D:6      | Reached ** piety under Wu Jian
  6445 | D:6      | Reached skill level 7 in Stealth
  6445 | D:6      | Reached skill level 4 in Conjurations
  6446 | D:6      | Reached skill level 5 in Fighting
  6614 | D:6      | Reached skill level 6 in Short Blades
  6670 | D:5      | Reached skill level 5 in Transmutations
  6787 | D:6      | Identified a scroll of acquirement
  6787 | D:6      | Acquired the +1 hat of Erphogote {Dex+3}
  7007 | D:7      | Noticed a two-headed ogre
  7008 | D:7      | Noticed a two-headed ogre
  7012 | D:7      | Killed a two-headed ogre
  7013 | D:7      | Reached skill level 8 in Stealth
  7013 | D:7      | Reached skill level 6 in Earth Magic
  7013 | D:7      | Reached XP level 10. HP: 60/60 MP: 14/14
  7015 | D:7      | Reached skill level 6 in Fighting
  7015 | D:7      | Reached skill level 6 in Transmutations
  7017 | D:7      | Killed a two-headed ogre
  7018 | D:7      | Reached skill level 8 in Earth Magic
  7052 | D:7      | Noticed a two-headed ogre
  7078 | D:7      | Slain by a two-headed ogre

Vanquished Creatures
  2 two-headed ogres (D:7)
  Sigmund (D:4)
  A vampire mosquito (D:7)
  A water moccasin (D:5)
  A black bear (D:4)
  2 sky beasts
  2 ice beasts (D:6)
  7 ogres
  2 phantoms (D:5)
  2 bullfrogs (D:7)
  A gnoll sergeant (D:7)
  3 scorpions
  A howler monkey (D:6)
  A hound (D:5)
  3 orc priests (D:6)
  4 jellies
  3 iguanas
  4 orc wizards
  7 gnolls (D:5)
  14 adders
  A shadow imp (D:6)
  A white imp (D:6)
  An ufetubus (D:6)
  4 worms
  3 dart slugs
  10 orcs
  7 endoplasms
  6 giant cockroaches
  5 hobgoblins
  15 jackals
  5 quokkas
  7 ball pythons
  5 bats
  5 frilled lizards
  11 goblins
  11 kobolds
  5 rats
164 creatures vanquished.

Vanquished Creatures (others)
  A plant (D:5)
1 creature vanquished.

Grand Total: 165 creatures vanquished

Table legend:
 A = Non-vault XP
 B = Vault XP
 C = Vault XP percentage of total XP
 D = Non-vault monster count
 E = Vault monster count
 F = Vault count percentage of total count
                 A         B        C        D         E       F
            +---------+---------+-------+---------+---------+-------
      Total |    3848 |    1723 |  30.9 |     133 |      31 |  18.9
            +---------+---------+-------+---------+---------+-------
        D:1 |      40 |       0 |   0.0 |      23 |       0 |   0.0
        D:2 |      71 |      45 |  38.8 |      18 |      21 |  53.8
        D:3 |     168 |       4 |   2.3 |      18 |       2 |  10.0
        D:4 |     376 |     231 |  38.1 |      16 |       1 |   5.9
        D:5 |    1158 |     132 |  10.2 |      32 |       2 |   5.9
        D:6 |    1139 |       0 |   0.0 |      24 |       0 |   0.0
        D:7 |     896 |    1311 |  59.4 |       2 |       5 |  71.4
            +---------+---------+-------+---------+---------+-------

Skill      XL: |  1  2  3  4  5  6  7  8  9 10 |
---------------+-------------------------------+-----
Stealth        | 3 4 5 6 8 |  8.1
Short Blades   | 1 2 3 5 6 |  6.1
Fighting       | 1 2 3 4 5 6 |  6.1
Dodging        | 3 4 |  4.1
Transmutations | 2 3 4 5 6 |  6.0
Spellcasting   | 3 |  3.1
Conjurations   | 1 2 3 4 |  4.0
Earth Magic    | 4 5 6 8 |  8.0

Action                     |  1- 3 |  4- 6 |  7- 9 | 10-12 || total
---------------------------+-------+-------+-------+-------++-------
  Melee: Dagger            |     7 |    44 |   113 |    15 ||   179
         Punch             |       |       |     1 |       ||     1
   Cast: Sandblast         |    42 |    62 |    60 |     2 ||   166
         Passwall          |       |     2 |     3 |       ||     5
Ability: Lunge             |       |     6 |    24 |     2 ||    32
         Whirlwind         |       |       |     4 |     4 ||     8
    Use: Scroll            |       |       |    21 |     1 ||    22
   Stab: Sleeping          |       |    17 |    25 |     3 ||    45
         Distracted        |       |       |     1 |       ||     1
 Armour: Robe              |     3 |    12 |    29 |     1 ||    45
  Dodge: Dodged            |     9 |    37 |    79 |    10 ||   135

Illustrated notes

Table legend:
 A = Kills in this place as a percentage of kills in the entire game.
 B = Kills by you in this place as a percentage of kills by you in the entire game.
 C = Kills by friends in this place as a percentage of kills by friends in the entire game.
 D = Other kills in this place as a percentage of other kills in the entire game.
 E = Experience gained in this place as a percentage of experience gained in the entire game.
 F = Experience gained in this place divided by the number of levels of this place that you have seen.
                   A       B       C       D       E      F
               +-------+-------+-------+-------+-------+----------------------
         Total | 100.0 | 100.0 |   N/A |   N/A | 100.0 | 795.9
       Dungeon | 100.0 | 100.0 |   N/A |   N/A | 100.0 | 795.9
               +-------+-------+-------+-------+-------+----------------------

Table legend: (Time is in decaauts)
 A = Elapsed time spent in this place.
 B = Non-inter-level travel time spent in this place.
 C = Inter-level travel time spent in this place.
 D = Time resting spent in this place.
 E = Time spent auto-exploring this place.
 F = Levels seen in this place.
 G = Mean time per level.
                   A        B        C        D        E       F      G
               +--------+--------+--------+--------+--------+-----+--------+
         Total |   7135 |   6947 |    188 |    540 |   5327 |   7 | 1019.3 |
       Dungeon |   7135 |   6947 |    188 |    540 |   5327 |   7 | 1019.3 |
               +--------+--------+--------+--------+--------+-----+--------+

Top non-repeatable levels by time:
     D:2: 1900 daAuts
     D:5: 1240 daAuts
     D:4: 1035 daAuts
     D:1: 987 daAuts
     D:3: 962 daAuts
     D:6: 901 daAuts
     D:7: 108 daAuts
